 Dungeon Crawl Stone Soup version 0.19-a0-1891-ge1d1fe8 (webtiles) character file.

9242 Naow the Warmonger (level 11, -1/85 HPs)
             Began as a Formicid Fighter on Oct 18, 2016.
             Was an Elder of Okawaru.
             Slain by Banto's ghost (3 damage)
             ... on level 1 of the Lair of Beasts.
             The game lasted 00:21:19 (9125 turns).

Naow the Warmonger (Formicid Fighter)               Turns: 9125, Time: 00:21:19

Health: -1/85      AC: 18    Str: 29    XL:     11   Next: 70%
Magic:  15/19      EV:  7    Int:  8    God:    Okawaru [****..]
Gold:   524        SH: 12    Dex: 10    Spells: 0 memorised, 10 levels left

rFire  . . .     SeeInvis +     K - +0 battleaxe
rCold  . . .     Gourm    .     I - +1 plate armour
rNeg   . . .     Faith    .     c - +0 shield
rPois  .         Spirit   .     (helmet unavailable)
rElec  .         Reflect  .     e - +0 cloak
rCorr  .         Harm     .     t - +0 pair of gloves
MR     +....                    F - +0 pair of boots
Stlth  ..........               (no amulet)
                                b - ring of flight
                                l - +5 ring of slaying

@: mighty, finesse
A: permanent stasis, dig shafts and tunnels, four strong arms, antennae 3
a: Dig, Shaft Self, Heroism, Renounce Religion, Evoke Flight


You were on level 1 of the Lair of Beasts.
You worshipped Okawaru.
Okawaru was greatly pleased with you.
You were not hungry.

You visited 3 branches of the dungeon, and saw 12 of its levels.
You also visited: Sewer.

You collected 524 gold pieces.

Inventory:

Hand Weapons
 a - a +0 war axe
 x - the +0 mace "Mafykhlu" {freeze, rF+ Int+2 Dex+4}
   (You found it on level 6 of the Dungeon)

   It has been specially enchanted to freeze those struck by it, causing extra
   injury to most foes and up to half again as much damage against particularly
   susceptible opponents.
   It can also slow down cold-blooded creatures.
   It affects your intelligence (+2).
   It affects your dexterity (+4).
   It protects you from fire.
 K - a +0 battleaxe (weapon)
Armour
 c - a +0 shield (worn)
 e - a +0 cloak (worn)
 t - a +0 pair of gloves (worn)
 F - a +0 pair of boots (worn)
 I - a +1 plate armour (worn)
Jewellery
 b - a ring of flight (right hand)
 l - a +5 ring of slaying (left hand)
 r - an uncursed ring of ice
 P - an uncursed ring of wizardry {unknown}
Wands
 m - a wand of acid (10/15)
 v - a wand of digging (24/24)
 A - a wand of paralysis (13/24)
 E - a wand of lightning (2/15)
 L - a wand of slowing (31/48)
 X - a wand of confusion (26/48)
Scrolls
 g - 5 scrolls of random uselessness
 o - a scroll of noise
 p - a scroll of remove curse
 q - 5 scrolls of teleportation
 y - a scroll of immolation
 C - a scroll of recharging
 D - 2 scrolls of fog
 M - 2 scrolls of enchant armour
 N - 3 scrolls of identify
 O - a scroll of fear
 V - 2 scrolls of blinking {unknown}
Potions
 d - 2 potions of might
 h - 5 potions of cure mutation
 j - 2 potions of lignification {unknown}
 s - 2 potions of haste {unknown}
 u - a potion of agility {unknown}
 w - a potion of brilliance {unknown}
 z - 2 potions of ambrosia {unknown}
 B - 2 potions of magic
 G - a potion of cancellation {unknown}
 J - 2 potions of berserk rage {unknown}
 R - a potion of degeneration {unknown}
 T - a potion of curing
 U - a potion of flight {unknown}
Books
 H - a book of Battle

   Spells                             Type                      Level
   a - Infusion                       Charms                       1
   b - Shroud of Golubria             Charms/Translocation         2
   c - Song of Slaying                Charms                       2
   d - Spectral Weapon                Hexes/Charms                 3
   e - Regeneration                   Charms/Necromancy            3
Comestibles
 f - 6 bread rations
 i - 14 fruits
 k - 3 meat rations
 n - 3 beef jerkies
 Q - 2 slices of pizza
 S - 10 royal jellies
 W - 3 chunks of flesh


   Skills:
 + Level 7.7 Fighting
 * Level 9.5 Axes
 + Level 7.9 Armour
 + Level 8.5 Shields
 - Level 11.6 Invocations


You had 10 spell levels left.
You didn't know any spells.

Dungeon Overview and Level Annotations

Branches:
Dungeon (10/15)            Temple (1/1) D:4            Lair (1/6) D:10
    Orc (0/2) D:10

Altars:
Ashenzari
Cheibriados
Dithmenos
Elyvilon
Fedhas
Gozag
Hepliaklqana
Kikubaaqudgha
Makhleb
Nemelex Xobeh
Okawaru
Qazlal
Ru
Sif Muna
Trog
Uskayaw
Vehumet
Xom
Yredelemnul
Zin
The Shining One

Shops:
D:5 (

Annotations:
Lair:1 Banto's ghost, journeyman TrCK


Innate Abilities, Weirdness & Mutations

You are under a permanent stasis effect.
You can dig through walls and to a lower floor.
Your four strong arms can wield two-handed weapons with a shield.
You have a pair of large antennae on your head. (SInv)


Message History

Banto's ghost is severely damaged.
You feel like a meek peon again. You block Banto's ghost's attack.
You barely miss Banto's ghost.
Banto's ghost is severely damaged.
A spiny frog comes into view.
You slash Banto's ghost!
Banto's ghost is severely damaged.
Banto's ghost hits you.
* * * LOW HITPOINT WARNING * * *
You barely miss Banto's ghost.
Banto's ghost is severely damaged.
You slice Banto's ghost!!
Banto's ghost is almost destroyed.
Banto's ghost sneers, "Only the weak need weapons."
Banto's ghost hits you!
* * * LOW HITPOINT WARNING * * *
You barely miss the spiny frog. You barely miss Banto's ghost.
You block the spiny frog's attack. Banto's ghost hits you.
You die...

.#P##.......#######
#..## #.#..#..# #...#
#..##...# ##..##
#.####..# #....# #.#
#..# ##.... #.#
.########..... #.#
..............
#.####....##..#......
#...@.....+..........
#...FW............###
..>..........#...P...##
#.#.#.###.#...'...#....#
...... .#...#...#...##
....... .#...#.......#
#....... .#.......#...#
###.... .# ...###....#
...........#


You could see a spiny frog and Banto's ghost.

Vanquished Creatures
  Fannar (D:10)
  The ghost of Naow the Blocker, a journeyman FoFi of Okawaru (D:10)
  Sonja (D:10)
  An unseen horror (D:10)
  A hill giant (D:10)
  Maurice (D:9)
  A black mamba (Lair:1)
  Joseph (D:10)
  A troll (D:7)
  The ghost of Naow the Chopper, an amateur FoFi (D:5)
  3 blink frogs (Lair:1)
  A hippogriff (D:7)
  A water moccasin (D:6)
  An ice beast (D:7)
  A black bear (D:6)
  3 phantoms
  3 sky beasts
  4 orc warriors
  2 ogres
  3 centaurs
  4 crocodiles
  A big kobold (D:9)
  10 bullfrogs
  3 scorpions
  3 killer bees (D:10)
  A howler monkey (D:8)
  6 crimson imps
  A centaur zombie (D:5)
  A bullfrog zombie (D:9)
  3 hounds
  4 jellies
  2 orc priests (D:7)
  4 bullfrog skeletons
  7 orc wizards
  An iguana (D:6)
  3 worker ants
  3 gnolls (D:7)
  6 river rats
  16 adders
  A howler monkey skeleton (D:4)
  7 oozes
  2 worms (D:2)
  An adder skeleton (D:9)
  3 dart slugs
  4 leopard geckos
  24 orcs
  5 giant cockroaches
  7 goblins
  3 hobgoblins (D:2)
  8 jackals
  5 kobolds
  A quokka (D:4)
  10 ball pythons
  17 bats
  3 frilled lizards
  A quokka skeleton (D:4)
  A quokka zombie (D:8)
  43 rats
  4 fungi (D:10)
  A plant (D:10)
262 creatures vanquished.

Vanquished Creatures (others)
  5 fungi
  3 plants (Lair:1)
8 creatures vanquished.

Grand Total: 270 creatures vanquished

Notes
Turn   | Place    | Note
-------+----------+-------------------------------------------
     0 | D:1      | Naow the Formicid Fighter began the quest for the Orb.
     0 | D:1      | Reached XP level 1. HP: 18/18 MP: 1/1
   207 | D:1      | Reached XP level 2. HP: 24/24 MP: 2/2
   393 | D:1      | Reached XP level 3. HP: 29/30 MP: 3/3
   996 | D:2      | Reached XP level 4. HP: 37/37 MP: 4/4
  1258 | D:2      | You fall through a shaft!
  1502 | D:3      | You fall through a shaft for 3 floors!
  1606 | D:6      | Noticed a bullfrog
  1614 | D:6      | Killed a bullfrog
  1614 | D:6      | Reached XP level 5. HP: 37/42 MP: 5/5
  1867 | D:6      | Got a warped mace
  1880 | D:6      | Identified the cursed +0 mace "Mafykhlu" {freeze, rF+ Int+2 Dex+4} (You found it on level 6 of the Dungeon)
  1964 | D:6      | Noticed a bullfrog
  1967 | D:6      | Killed a bullfrog
  1967 | D:6      | Reached XP level 6. HP: 46/48 MP: 6/6
  2099 | D:6      | Reached skill level 5 in Shields
  2102 | D:6      | Reached XP level 7. HP: 51/55 MP: 7/7
  2179 | D:5      | Entered Level 5 of the Dungeon
  2183 | D:5      | Found Bozxaolu's Antique Weapon Shoppe.
  2215 | D:5      | Reached skill level 5 in Axes
  2243 | D:5      | Reached skill level 5 in Armour
  2248 | D:5      | Reached skill level 5 in Fighting
  2275 | D:5      | Noticed Naow's ghost (amateur FoFi)
  2331 | D:4      | Found a staircase to the Ecumenical Temple.
  2342 | Temple   | Entered the Ecumenical Temple
  2495 | Temple   | Became a worshipper of Warmaster Okawaru
  2642 | D:4      | Reached XP level 8. HP: 56/62 MP: 8/8
  2743 | D:4      | Found a glowing drain.
  2756 | Sewer    | Entered a sewer
  3950 | D:5      | Killed Naow's ghost
  3950 | D:5      | Reached * piety under Okawaru
  3954 | D:5      | Reached skill level 1 in Invocations
  4016 | D:5      | Reached skill level 3 in Invocations
  4016 | D:5      | Reached XP level 9. HP: 60/69 MP: 9/11
  4388 | D:6      | Reached skill level 4 in Invocations
  4437 | D:6      | Reached skill level 5 in Invocations
  4449 | D:6      | Found a white marble altar of Elyvilon.
  4635 | D:7      | Reached skill level 6 in Invocations
  4649 | D:7      | Reached ** piety under Okawaru
  4714 | D:7      | Noticed a troll
  4722 | D:7      | Killed a troll
  4722 | D:7      | Reached skill level 7 in Invocations
  4767 | D:7      | Reached skill level 8 in Invocations
  5052 | D:7      | Found an ancient bone altar of Kikubaaqudgha.
  5052 | D:7      | Found a hide-covered altar of Uskayaw.
  5052 | D:7      | Found a burning altar of Makhleb.
  5052 | D:7      | Found a bloodstained altar of Trog.
  5053 | D:7      | Noticed a hippogriff
  5067 | D:7      | Killed a hippogriff
  5165 | D:7      | Reached skill level 9 in Invocations
  5668 | D:8      | Reached XP level 10. HP: 50/76 MP: 17/17
  6015 | D:8      | Reached skill level 10 in Invocations
  6402 | D:8      | Reached skill level 11 in Invocations
  6660 | D:9      | Reached *** piety under Okawaru
  6975 | D:9      | Noticed Maurice
  7114 | D:9      | Killed Maurice
  7385 | D:10     | Entered Level 10 of the Dungeon
  7407 | D:10     | Noticed Naow's ghost (journeyman FoFi)
  7440 | D:10     | Killed Naow's ghost
  7462 | D:10     | Noticed an unseen horror
  7484 | D:10     | Killed an unseen horror
  7546 | D:10     | Found a staircase to the Orcish Mines.
  7547 | D:10     | Noticed Sonja
  7823 | D:10     | Noticed Joseph
  7841 | D:10     | Killed Joseph
  7841 | D:10     | Reached XP level 11. HP: 50/83 MP: 16/19
  7862 | D:10     | Noticed Fannar
  7875 | D:10     | Noticed a hill giant
  7882 | D:10     | Killed a hill giant
  7882 | D:10     | Reached **** piety under Okawaru
  7891 | D:10     | Killed Sonja
  7895 | D:10     | Killed Fannar
  8591 | D:10     | Found a staircase to the Lair.
  8606 | Lair:1   | Entered Level 1 of the Lair of Beasts
  8661 | Lair:1   | Reached ***** piety under Okawaru
  9103 | Lair:1   | Noticed Banto's ghost (journeyman TrCK)
  9124 | Lair:1   | HP: 2/85 [Banto's ghost (13)]
  9125 | Lair:1   | Slain by Banto's ghost

Vault maps used:
D:1:      sevenhm_arrival_forest_fort_small_1
D:2:      first_bread
D:3:      uniq_terence, uniq_grinder
D:4:      portal_sewer_entry_e, minmay_misc_feat_hallway
D:5:      serial_shops, nicolae_shop_overgrown_old_shop
D:6:      lemuel_coloured_pillars_altar
D:7:      chequers_temple_overflow_statue_of_worship
D:8:      hangedman_abyss_or_decor_stagger
D:9:      uniq_maurice
D:10:     grunt_lair_entry_orc_guard_hut, orc_0_dummy,
          hangedman_little_slice_of_home, uniq_fannar, uniq_joseph, uniq_sonja
Temple:   regret_index_temple_sphere_string
Lair:1:   st_stairs_4, disabler_island
Sewer:    sewer_minmay_w

Skill      XL: |  1  2  3  4  5  6  7  8  9 10 11 |
---------------+----------------------------------+-----
Axes           | 3 4 5 6 8 9 |  9.5
Shields        | 4 5 6 7 8 |  8.5
Fighting       | 4 5 6 7 |  7.7
Armour         | 4 5 6 7 |  7.9
Invocations    | 3 9 11 | 11.6

Action                   |  1- 3 |  4- 6 |  7- 9 | 10-12 || total
-------------------------+-------+-------+-------+-------++-------
Melee: War axe           |    65 |    49 |       |       ||   114
       Mace              |       |    18 |   382 |   201 ||   601
       Battleaxe         |       |       |       |   172 ||   172
Invok: Heroism           |       |       |     6 |     8 ||    14
       Finesse           |       |       |       |     1 ||     1
 Abil: Dig               |     3 |       |       |       ||     3
  Use: Potion            |       |     1 |     4 |    10 ||    15
       Scroll            |       |       |       |    12 ||    12
  Eat: Chunk             |     1 |     3 |    12 |     7 ||    23
       Bread ration      |       |       |       |     1 ||     1
       Fruit             |       |       |       |     1 ||     1
Armor: Scale mail        |    30 |    17 |   166 |       ||   213
       Plate armour      |       |       |    34 |   194 ||   228
Dodge: Dodged            |    20 |    20 |   155 |    94 ||   289
Block: Shield            |    32 |    28 |   265 |   248 ||   573
